General information
- name: BNet
- type: Ladder team game (AT/RT)
- host: Battle.net
- saver:
map: TwilightRuins
- players: 8
- length: 42:28
- speed: Fast
- version: 1.28 W3XP
- replay type: Public
» download(373 KB)
Players
team 1 (winner)

»
darksideofhemp (
purple | 60 APM | 2038 actions | 34:05)
5 Archmage
3 Summon Water Elemental
2 Brilliance Aura
5 Mountain King
3 Storm Bolt
2 Bash
» actions
| Assign group hotkey | 33 | |
| Basic commands | 179 | |
| Build / train | 106 | |
| Enter build submenu | 33 | |
| Enter hero's abilities submenu | 11 | |
| Give item / drop item | 2 | |
| Right click | 956 | |
| Select / deselect | 535 | |
| Select group hotkey | 65 | |
| Use ability | 117 | |
2038 total
» units
| Peasant | 28 | |
| Footman | 9 | |
| Knight | 12 | |
| Siege Engine | 4 | |
| Sorceress | 4 | |
| Rifleman | 1 | |
58 total
» upgrades
| Defend | 1 | |
| Lumber Harvesting | 2 | |
| Gunpowder | 3 | |
| Plating | 2 | |
| Barrage | 1 | |
| Sorceress Training | 2 | |
11 total
» buildings
| Farm | 11 | |
| Altar of Kings | 1 | |
| Barracks | 1 | |
| Lumber Mill | 1 | |
| Town Hall | 2 | |
| Scout Tower | 7 | |
| Arcane Vault | 2 | |
| Guard Tower | 5 | |
| Keep | 1 | |
| Blacksmith | 1 | |
| Castle | 1 | |
| Workshop | 4 | |
| Arcane Sanctum | 1 | |
| Arcane Tower | 1 | |
39 total
» build order
01:07 Farm
01:15 Farm
01:21 Altar of Kings
01:40 Barracks
01:53 Farm
02:47 Lumber Mill
02:52 Farm
04:20 Farm
04:38 Town Hall
04:44 Scout Tower
05:05 Arcane Vault
05:45 Guard Tower
05:49 Scout Tower
05:56 Keep
06:26 Guard Tower
06:28 Scout Tower
06:37 Scout Tower
06:53 Blacksmith
07:44 Guard Tower
07:45 Guard Tower
07:48 Scout Tower
07:51 Scout Tower
08:18 Castle
09:04 Guard Tower
09:07 Scout Tower
10:02 Workshop
10:04 Workshop
12:31 Workshop
12:35 Workshop
12:49 Arcane Sanctum
13:29 Farm
13:32 Farm
13:35 Farm
14:10 Farm
15:14 Farm
15:16 Farm
18:36 Arcane Vault
28:09 Town Hall
28:39 Arcane Tower
» items
| Scroll of Regeneration | 3 | |
| Lesser Clarity Potion | 2 | |
| Potion of Healing | 1 | |
| Scroll of Town Portal | 4 | |
| Orb of Lightning | 1 | |
| Orb of Fire | 1 | |
| Potion of Lesser Invulnerability | 2 | |
| Boots of Speed | 1 | |
15 total
Happynoob (
yellow | 30 APM | 1203 actions | 40:02)
5 Dreadlord
2 Sleep
3 Vampiric Aura
4 Death Knight
2 Unholy Aura
2 Death Coil
» actions
| Assign group hotkey | 9 | |
| Basic commands | 105 | |
| Build / train | 80 | |
| Enter build submenu | 15 | |
| Enter hero's abilities submenu | 9 | |
| Right click | 642 | |
| Select / deselect | 259 | |
| Select group hotkey | 29 | |
| Use ability | 55 | |
1203 total
» units
| Acolyte | 10 | |
| Ghoul | 19 | |
| Gargoyle | 23 | |
52 total
» upgrades
| Cannibalize | 1 | |
| Creature Attack | 2 | |
| Creature Carapace | 1 | |
4 total
» buildings
| Crypt | 2 | |
| Ziggurat | 7 | |
| Altar of Darkness | 1 | |
| Tomb of Relics | 1 | |
| Nerubian Tower | 1 | |
| Halls of the Dead | 1 | |
| Graveyard | 1 | |
| Black Citadel | 1 | |
15 total
» build order
00:08 Crypt
00:11 Ziggurat
00:33 Altar of Darkness
00:59 Ziggurat
01:01 Ziggurat
01:47 Tomb of Relics
02:49 Nerubian Tower
03:49 Halls of the Dead
04:23 Ziggurat
04:44 Graveyard
07:44 Crypt
09:13 Ziggurat
11:13 Ziggurat
15:11 Ziggurat
22:04 Black Citadel
» items
| Rod of Necromancy | 2 | |
| Scroll of Town Portal | 4 | |
| Scroll of Protection | 2 | |
| Potion of Healing | 1 | |
| Book of the Dead | 1 | |
10 total

»
ThugMasTeR (
green | 56 APM | 2146 actions | 38:15)
5 Blademaster
3 Wind Walk
2 Critical Strike
4 Tauren Chieftain
2 Endurance Aura
2 War Stomp
5 Shadow Hunter
3 Healing Wave
2 Hex
» actions
| Assign group hotkey | 27 | |
| Basic commands | 5 | |
| Build / train | 98 | |
| Enter build submenu | 29 | |
| Enter hero's abilities submenu | 15 | |
| Give item / drop item | 4 | |
| Right click | 940 | |
| Select / deselect | 457 | |
| Select group hotkey | 439 | |
| Use ability | 132 | |
2146 total
» units
| Peon | 19 | |
| Troll Headhunter/Berserker | 16 | |
| Troll Batrider | 4 | |
| Shaman | 3 | |
| Wind Rider | 5 | |
| Troll Witch Doctor | 3 | |
50 total
» upgrades
| Armor | 3 | |
| Ranged Weapons | 3 | |
| Troll Regeneration | 1 | |
| Berserker Upgrade | 1 | |
| Shaman Training | 2 | |
| Envenomed Spears | 1 | |
| Reinforced Defenses | 1 | |
| Witch Doctor Training | 2 | |
14 total
» buildings
| Altar of Storms | 1 | |
| Orc Burrow | 7 | |
| War Mill | 1 | |
| Barracks | 1 | |
| Voodoo Lounge | 1 | |
| Stronghold | 1 | |
| Great Hall | 7 | |
| Fortress | 1 | |
| Spirit Lodge | 1 | |
| Beastiary | 1 | |
22 total
» build order
00:17 Altar of Storms
00:20 Orc Burrow
01:42 War Mill
01:45 Barracks
01:51 Orc Burrow
02:22 Orc Burrow
02:37 Voodoo Lounge
04:04 Stronghold
05:34 Great Hall
07:43 Fortress
09:20 Spirit Lodge
09:24 Beastiary
09:32 Orc Burrow
14:12 Orc Burrow
14:46 Orc Burrow
18:49 Orc Burrow
22:19 Great Hall
24:05 Great Hall
24:54 Great Hall
25:10 Great Hall
28:48 Great Hall
31:12 Great Hall
» items
| Healing Salve | 3 | |
| Scroll of Speed | 2 | |
| Boots of Speed | 2 | |
| Orb of Lightning | 2 | |
| Potion of Lesser Invulnerability | 1 | |
| Scroll of Protection | 1 | |
| Scroll of Healing | 1 | |
12 total
TrueEvil (
pink | 54 APM | 2280 actions | 42:28)
8 Blademaster
3 Wind Walk
3 Critical Strike
1 Bladestorm
1 Mirror Image
1 Dark Ranger
1 Silence
1 Goblin Tinker
1 Engineering Upgrade
» actions
| Assign group hotkey | 186 | |
| Basic commands | 177 | |
| Build / train | 97 | |
| Enter build submenu | 59 | |
| Enter hero's abilities submenu | 10 | |
| Give item / drop item | 4 | |
| Remove unit from queue | 1 | |
| Right click | 816 | |
| Select / deselect | 419 | |
| Select group hotkey | 344 | |
| Use ability | 167 | |
2280 total
» units
| Peon | 9 | |
| Grunt | 3 | |
| Goblin Shredder | 2 | |
| Troll Batrider | 10 | |
| Goblin Zeppelin | 3 | |
| Wind Rider | 9 | |
| Goblin Sapper | 16 | |
52 total
» upgrades
| Reinforced Defenses | 1 | |
| Troll Regeneration | 1 | |
| Ranged Weapons | 3 | |
| Armor | 3 | |
| Liquid Fire | 1 | |
| Envenomed Spears | 1 | |
10 total
» buildings
| Orc Burrow | 7 | |
| Altar of Storms | 1 | |
| Barracks | 1 | |
| Voodoo Lounge | 5 | |
| War Mill | 2 | |
| Stronghold | 1 | |
| Great Hall | 2 | |
| Watch Tower | 37 | |
| Fortress | 1 | |
| Beastiary | 6 | |
63 total
» build order
00:10 Orc Burrow
00:52 Altar of Storms
00:53 Barracks
01:16 Orc Burrow
01:46 Voodoo Lounge
02:17 Voodoo Lounge
02:53 War Mill
03:27 Stronghold
03:44 Orc Burrow
04:27 Great Hall
05:31 Watch Tower
05:31 Watch Tower
05:32 Watch Tower
05:37 Watch Tower
07:24 Fortress
07:29 Beastiary
07:30 Beastiary
08:47 Watch Tower
09:01 Watch Tower
09:02 Watch Tower
09:03 Watch Tower
09:04 Watch Tower
09:12 Watch Tower
11:26 Beastiary
11:29 Beastiary
12:18 Beastiary
12:21 Beastiary
12:29 War Mill
13:18 Orc Burrow
13:50 Orc Burrow
16:21 Watch Tower
16:21 Watch Tower
16:25 Watch Tower
16:29 Watch Tower
18:45 Watch Tower
18:46 Watch Tower
18:47 Watch Tower
18:48 Watch Tower
18:48 Watch Tower
18:48 Watch Tower
19:01 Great Hall
19:04 Watch Tower
19:04 Watch Tower
19:04 Watch Tower
19:05 Watch Tower
20:19 Watch Tower
20:20 Watch Tower
20:20 Watch Tower
20:22 Watch Tower
20:22 Watch Tower
20:22 Watch Tower
20:23 Voodoo Lounge
21:05 Watch Tower
21:07 Watch Tower
21:52 Voodoo Lounge
21:54 Voodoo Lounge
24:21 Orc Burrow
24:26 Orc Burrow
26:38 Watch Tower
26:38 Watch Tower
26:39 Watch Tower
26:39 Watch Tower
26:40 Watch Tower
» items
| Healing Salve | 5 | |
| Scroll of Town Portal | 1 | |
| Lesser Clarity Potion | 1 | |
| Potion of Mana | 1 | |
| Boots of Speed | 3 | |
| Periapt of Vitality | 4 | |
| Staff of Teleportation | 3 | |
| Potion of Lesser Invulnerability | 1 | |
19 total
team 2 (loser)
NIGHTELFPRO (
red | 81 APM | 1635 actions | 20:12)
5 Priestess of the Moon
3 Trueshot Aura
1 Scout
1 Searing Arrows
3 Keeper of the Grove
2 Entangling Roots
1 Force of Nature
3 Naga Sea Witch
2 Frost Arrows
1 Forked Lightning
» actions
| Assign group hotkey | 127 | |
| Basic commands | 7 | |
| Build / train | 81 | |
| ESC pressed | 3 | |
| Enter build submenu | 17 | |
| Enter hero's abilities submenu | 12 | |
| Give item / drop item | 7 | |
| Right click | 560 | |
| Select / deselect | 437 | |
| Select group hotkey | 286 | |
| Use ability | 98 | |
1635 total
» units
| Wisp | 16 | |
| Archer | 25 | |
| Hippogryph | 9 | |
50 total
» upgrades
| Hippogryph Taming | 1 | |
| Improved Bows | 1 | |
| Marksmanship | 1 | |
3 total
» buildings
| Altar of Elders | 1 | |
| Moon Well | 7 | |
| Ancient of War | 1 | |
| Tree of Ages | 1 | |
| Tree of Life | 2 | |
| Ancient of Wind | 2 | |
| Tree of Eternity | 1 | |
| Ancient of Wonders | 1 | |
| Hunter's Hall | 1 | |
17 total
» build order
00:18 Altar of Elders
00:33 Moon Well
01:14 Ancient of War
01:21 Moon Well
02:26 Tree of Ages
03:42 Moon Well
04:58 Tree of Life
05:19 Ancient of Wind
05:21 Ancient of Wind
08:02 Tree of Eternity
08:11 Ancient of Wonders
08:16 Moon Well
10:50 Moon Well
13:10 Moon Well
14:11 Tree of Life
15:13 Moon Well
15:19 Hunter's Hall
» items
| Boots of Speed | 1 | |
| Scroll of Town Portal | 5 | |
| Scroll of Speed | 1 | |
| Potion of Healing | 3 | |
| Orb of Venom | 1 | |
11 total
NovSec (
teal | 95 APM | 1938 actions | 20:25)
4 Tauren Chieftain
2 Shockwave
2 Endurance Aura
1 Shadow Hunter
1 Healing Wave
» actions
| Assign group hotkey | 126 | |
| Basic commands | 126 | |
| Build / train | 78 | |
| Enter build submenu | 24 | |
| Enter hero's abilities submenu | 5 | |
| Give item / drop item | 1 | |
| Remove unit from queue | 4 | |
| Right click | 703 | |
| Select / deselect | 362 | |
| Select group hotkey | 453 | |
| Use ability | 56 | |
1938 total
» units
| Peon | 12 | |
| Troll Headhunter/Berserker | 20 | |
| Shaman | 11 | |
| Kodo Beast | 3 | |
46 total
» upgrades
| Shaman Training | 2 | |
| Berserker Upgrade | 1 | |
| Armor | 1 | |
| Ranged Weapons | 1 | |
| War Drums Damage Increase | 1 | |
6 total
» buildings
| Altar of Storms | 1 | |
| Orc Burrow | 10 | |
| War Mill | 1 | |
| Barracks | 1 | |
| Voodoo Lounge | 2 | |
| Stronghold | 1 | |
| Great Hall | 1 | |
| Spirit Lodge | 1 | |
| Fortress | 1 | |
| Beastiary | 1 | |
| Watch Tower | 2 | |
22 total
» build order
00:08 Altar of Storms
00:20 Orc Burrow
01:06 War Mill
01:21 Barracks
01:38 Orc Burrow
02:27 Voodoo Lounge
02:29 Voodoo Lounge
03:28 Stronghold
04:45 Orc Burrow
05:35 Great Hall
05:51 Spirit Lodge
05:53 Fortress
09:02 Orc Burrow
09:04 Orc Burrow
09:29 Orc Burrow
10:17 Orc Burrow
10:45 Orc Burrow
13:20 Beastiary
14:24 Orc Burrow
15:56 Watch Tower
15:57 Watch Tower
18:53 Orc Burrow
» items
| Healing Salve | 5 | |
| Potion of Healing | 3 | |
| Lesser Clarity Potion | 2 | |
| Scroll of Town Portal | 2 | |
12 total

»
caterpillar (
blue | 69 APM | 1367 actions | 19:50)
4 Mountain King
2 Storm Bolt
2 Bash
» actions
| Basic commands | 2 | |
| Build / train | 83 | |
| Enter build submenu | 36 | |
| Enter hero's abilities submenu | 4 | |
| Remove unit from queue | 5 | |
| Right click | 774 | |
| Select / deselect | 392 | |
| Use ability | 71 | |
1367 total
» units
| Peasant | 20 | |
| Footman | 11 | |
| Knight | 7 | |
| Gryphon Rider | 3 | |
41 total
» upgrades
| Masonry | 3 | |
| Defend | 1 | |
| Swords | 3 | |
| Plating | 3 | |
| Animal War Training | 1 | |
| Armor | 1 | |
| Storm Hammers | 0 | |
12 total
» buildings
| Altar of Kings | 1 | |
| Farm | 11 | |
| Barracks | 3 | |
| Scout Tower | 7 | |
| Arcane Tower | 2 | |
| Lumber Mill | 1 | |
| Arcane Vault | 1 | |
| Blacksmith | 1 | |
| Guard Tower | 4 | |
| Keep | 2 | |
| Town Hall | 1 | |
| Castle | 1 | |
| Gryphon Aviary | 3 | |
38 total
» build order
00:17 Altar of Kings
00:34 Farm
00:49 Barracks
01:42 Farm
01:50 Scout Tower
02:18 Arcane Tower
02:31 Farm
02:52 Lumber Mill
03:03 Farm
03:42 Farm
03:46 Arcane Vault
04:29 Farm
04:42 Blacksmith
04:50 Scout Tower
04:56 Scout Tower
05:13 Farm
05:45 Arcane Tower
05:46 Guard Tower
05:46 Guard Tower
06:40 Keep
06:41 Keep
07:30 Town Hall
09:04 Castle
11:25 Barracks
11:26 Gryphon Aviary
11:26 Gryphon Aviary
12:33 Barracks
12:34 Gryphon Aviary
13:37 Farm
13:40 Farm
16:25 Scout Tower
16:26 Scout Tower
16:29 Scout Tower
16:31 Scout Tower
17:03 Guard Tower
17:03 Guard Tower
17:23 Farm
17:25 Farm
» items
| Scroll of Regeneration | 1 | |
| Scroll of Town Portal | 3 | |
4 total
NBA-IS-RIGGED (
orange | 65 APM | 2749 actions | 42:28)
8 Blademaster
3 Wind Walk
3 Critical Strike
1 Bladestorm
1 Mirror Image
» actions
| Assign group hotkey | 45 | |
| Basic commands | 60 | |
| Build / train | 91 | |
| Enter build submenu | 44 | |
| Enter hero's abilities submenu | 8 | |
| Give item / drop item | 6 | |
| Remove unit from queue | 3 | |
| Right click | 1032 | |
| Select / deselect | 343 | |
| Select group hotkey | 865 | |
| Use ability | 252 | |
2749 total
» units
| Peon | 13 | |
| Goblin Shredder | 2 | |
| Wind Rider | 7 | |
| Goblin Sapper | 5 | |
| Troll Batrider | 9 | |
| Raider | 1 | |
37 total
» upgrades
| Reinforced Defenses | 2 | |
| Ranged Weapons | 2 | |
| Armor | 2 | |
| Ensnare | 1 | |
| Liquid Fire | 1 | |
| Pillage | 1 | |
| Melee Weapons | 2 | |
| Spiked Barricades | 1 | |
| Backpack | 1 | |
13 total
» buildings
| Altar of Storms | 1 | |
| Orc Burrow | 8 | |
| Voodoo Lounge | 1 | |
| Stronghold | 1 | |
| War Mill | 1 | |
| Great Hall | 3 | |
| Fortress | 1 | |
| Watch Tower | 49 | |
| Beastiary | 4 | |
| Scout Tower | 27 | |
| Guard Tower | 5 | |
101 total
» build order
00:06 Altar of Storms
00:19 Orc Burrow
00:40 Voodoo Lounge
02:10 Stronghold
02:23 Orc Burrow
02:42 War Mill
03:11 Orc Burrow
03:51 Great Hall
04:04 Orc Burrow
05:35 Fortress
05:48 Watch Tower
05:48 Watch Tower
06:05 Watch Tower
06:11 Watch Tower
06:31 Beastiary
06:50 Beastiary
07:34 Watch Tower
07:35 Watch Tower
07:35 Watch Tower
08:07 Beastiary
09:06 Watch Tower
09:07 Watch Tower
09:08 Watch Tower
09:08 Watch Tower
10:50 Watch Tower
10:56 Watch Tower
11:00 Watch Tower
12:27 Orc Burrow
12:31 Orc Burrow
13:04 Watch Tower
13:31 Watch Tower
14:27 Watch Tower
14:32 Watch Tower
14:48 Beastiary
15:42 Watch Tower
15:57 Watch Tower
16:43 Great Hall
16:54 Watch Tower
16:55 Watch Tower
16:56 Watch Tower
17:00 Watch Tower
17:06 Watch Tower
19:21 Watch Tower
19:22 Watch Tower
19:22 Watch Tower
19:22 Watch Tower
19:23 Watch Tower
19:23 Watch Tower
19:24 Watch Tower
20:06 Watch Tower
20:29 Scout Tower
20:29 Scout Tower
20:29 Scout Tower
20:30 Scout Tower
20:30 Scout Tower
20:31 Scout Tower
20:31 Scout Tower
20:32 Scout Tower
20:32 Scout Tower
20:55 Watch Tower
20:56 Watch Tower
20:56 Watch Tower
20:57 Watch Tower
20:57 Watch Tower
20:58 Watch Tower
21:50 Watch Tower
21:51 Watch Tower
21:52 Watch Tower
21:52 Watch Tower
21:52 Watch Tower
22:38 Guard Tower
22:38 Guard Tower
22:41 Scout Tower
22:42 Scout Tower
22:42 Scout Tower
22:42 Scout Tower
28:42 Scout Tower
28:42 Scout Tower
28:42 Scout Tower
28:43 Scout Tower
28:43 Scout Tower
28:43 Scout Tower
28:44 Scout Tower
28:44 Scout Tower
28:44 Scout Tower
28:45 Scout Tower
28:46 Scout Tower
28:46 Scout Tower
28:46 Scout Tower
28:47 Scout Tower
30:02 Guard Tower
30:04 Guard Tower
31:01 Orc Burrow
31:02 Orc Burrow
35:15 Great Hall
35:27 Watch Tower
35:28 Watch Tower
35:28 Watch Tower
35:28 Watch Tower
35:29 Watch Tower
37:48 Guard Tower
» items
| Healing Salve | 5 | |
| Lesser Clarity Potion | 3 | |
| Staff of Teleportation | 1 | |
| Orb of Lightning | 1 | |
| Tiny Great Hall | 2 | |
| Scroll of Town Portal | 4 | |
| Potion of Mana | 3 | |
| Potion of Lesser Invulnerability | 1 | |
| Boots of Speed | 1 | |
21 total
Chat log
(00:08 / Allies) NIGHTELFPRO: ...
(00:12 / All) caterpillar: tactical break
(00:22 / Allies) caterpillar: mk foots to knights
(00:33 / Allies) NBA-IS-RIGGED: wyvern
(00:48 / Allies) NovSec: tc hh
(01:48 / All) caterpillar: i am high on marihuana
(01:53 / All) NBA-IS-RIGGED: thugmaster with dat maphack
(01:55 / All) NovSec: yes
(01:57 / All) Happynoob: im high on armin van buuren
(02:02 / All) TrueEvil: what a coincidence
(02:06 / All) TrueEvil: I just smoked a bowl with your mom
(02:25 / All) Happynoob: she hot
(02:26 / All) caterpillar: mom jokes are so early 2000s bro
(02:40 / All) TrueEvil: it's not a joke if it's true
(03:31 / All) NIGHTELFPRO: nt
(03:39 / All) NIGHTELFPRO: feed more
(03:40 / All) NIGHTELFPRO: ty
(03:44 / All) Happynoob: dang bro
(03:46 / All) Happynoob: you gosu
(05:51 / Allies) NBA-IS-RIGGED: wood
(05:55 / All) Happynoob: bird da werd yo
(06:14 / Allies) NBA-IS-RIGGED: thx
(06:14 / Allies) caterpillar: 100g plz
(06:18 / Allies) caterpillar: :DD
(07:20 / Allies) NovSec: k
(07:24 / Allies) NBA-IS-RIGGED: ill giv eit back relax
(07:25 / Allies) NBA-IS-RIGGED: who wants it
(07:33 / All) Happynoob: dont feed me bro
(07:33 / Allies) caterpillar: nigger thief
(07:34 / Allies) caterpillar: lets hgit
(07:38 / All) NIGHTELFPRO: dont get so happy
(07:40 / Allies) NBA-IS-RIGGED: who want sit
(07:45 / All) NIGHTELFPRO: it was pretty even
(07:45 / All) NIGHTELFPRO: lol
(07:50 / Allies) NovSec: help
(07:52 / All) NIGHTELFPRO: u send second set of ghouls
(07:56 / Allies) NBA-IS-RIGGED: tp blue
(08:07 / Allies) caterpillar: nah
(08:09 / Allies) caterpillar: gonna fuck up his beastiarys
(08:49 / Allies) caterpillar: aight got 2 tps
(09:21 / Allies) caterpillar: we should hit pink
(09:22 / Allies) caterpillar: hes weak
(09:42 / Allies) caterpillar: omw
(10:21 / All) NIGHTELFPRO: yes feed me
(10:22 / All) NIGHTELFPRO: im hungry
(10:30 / All) Happynoob: dang yo
(10:52 / Allies) caterpillar: engage
(11:35 / Allies) caterpillar: help[
(11:38 / Allies) caterpillar: 3 bot
(11:42 / Allies) caterpillar: t[
(11:43 / Allies) caterpillar: tp
(11:46 / Allies) NIGHTELFPRO: tp
(11:49 / Allies) NBA-IS-RIGGED: tp?
(11:50 / Allies) NIGHTELFPRO: repair
(11:52 / Allies) caterpillar: all 4 bot
(12:23 / Allies) caterpillar: man
(12:25 / Allies) caterpillar: mk with bloodlust so op
(12:53 / Allies) caterpillar: noob made gargs lol
(12:57 / All) NIGHTELFPRO: feed more
(13:00 / All) NIGHTELFPRO: starving
(13:14 / All) Happynoob: damn homie
(13:59 / Allies) caterpillar: wood plz
(14:00 / Allies) NIGHTELFPRO: pink got bats?
(14:09 / Allies) NBA-IS-RIGGED: thx
(14:38 / Allies) caterpillar: getting gryphs and knights
(14:40 / Allies) caterpillar: 100 wood plz
(15:08 / Allies) caterpillar: we need siege to hit pink
(15:46 / Allies) NovSec: bats
(15:54 / Allies) NIGHTELFPRO: hit pink
(15:54 / Allies) NIGHTELFPRO: now
(15:57 / Allies) NIGHTELFPRO: hes pissign me off
(16:17 / Allies) caterpillar: main
(17:24 / Allies) NBA-IS-RIGGED: wood plz going 100 food now
(17:30 / All) NIGHTELFPRO: gottem
(17:40 / Allies) caterpillar: i also need wood plz
(17:48 / Allies) NIGHTELFPRO: gold me
(17:49 / Allies) NIGHTELFPRO: orange
(17:49 / Allies) NIGHTELFPRO: jesus
(17:50 / Allies) caterpillar: ty
(17:53 / Allies) caterpillar: ye orange
(17:55 / Allies) caterpillar: i need some gold too :D
(17:58 / Allies) NBA-IS-RIGGED: hit green he weak
(18:04 / Allies) NBA-IS-RIGGED: goign 100 food now
(18:07 / Allies) caterpillar: dude
(18:08 / Allies) NBA-IS-RIGGED: purp tanks i think or copters
(18:09 / Allies) caterpillar: share some gold plz
(18:13 / Allies) caterpillar: 6k gold
(18:26 / Allies) NIGHTELFPRO: leaving in 5
(18:27 / Allies) NIGHTELFPRO: 4
(18:27 / Allies) caterpillar: u have 3 expos and 6k gold wtf is wrong with u
(18:28 / Allies) NIGHTELFPRO: 3
(18:29 / Allies) NIGHTELFPRO: 2
(18:34 / Allies) NIGHTELFPRO: if u dont gold me right now fool
(18:45 / Allies) NIGHTELFPRO: gives 200
(18:47 / Allies) caterpillar: orange plz man
(18:48 / Allies) caterpillar: :(
(19:11 / Allies) NIGHTELFPRO: tp or gg
(19:14 / Allies) caterpillar: tping
(19:14 / Allies) caterpillar: gogogo
(19:15 / Allies) caterpillar: tp
(19:16 / Allies) caterpillar: tp
(19:47 / All) caterpillar: orange worst player
(19:49 / All) caterpillar: In history
(20:09 / All) NIGHTELFPRO: gg shit team im out
(21:06 / All) ThugMasTeR: GG
(21:21 / All) NBA-IS-RIGGED: noob hacker thug
(21:29 / All) ThugMasTeR: lol?
(21:31 / All) Happynoob: you got map hack nub
(21:43 / All) ThugMasTeR: i hate hackers asshole
(21:49 / All) ThugMasTeR: and red was a majot hacker
(21:55 / All) ThugMasTeR: but i get called out....
(22:34 / All) NBA-IS-RIGGED: leave plz noob
(23:06 / All) Happynoob: lol your map hack too obvious
(23:11 / All) NBA-IS-RIGGED: mad
(24:09 / All) NBA-IS-RIGGED: leave noobs
(27:01 / All) NBA-IS-RIGGED: leave noobs
(29:00 / All) ThugMasTeR: fail noob
(29:02 / All) ThugMasTeR: gtfo
(29:03 / All) ThugMasTeR: now
(31:23 / All) NBA-IS-RIGGED: leave plz nubs
(33:42 / All) TrueEvil: naughty
(34:10 / All) TrueEvil: green is master noob, he use mh to supplement his lack of skill
(34:10 / All) NBA-IS-RIGGED: leave hacker thugmaster
(34:28 / All) ThugMasTeR: stupid kids
(34:34 / All) Happynoob: LOL
(34:50 / All) NBA-IS-RIGGED: just did a 1v4 like a pro
(34:58 / All) TrueEvil: I was impressed
(35:03 / All) Happynoob: nah
(35:09 / All) Happynoob: pink a tker
(35:09 / All) TrueEvil: orange is best player here
(35:15 / All) TrueEvil: congrats I had noob team tho
(35:37 / All) Happynoob: afk, pron time
(36:24 / All) TrueEvil: raped noob
(36:33 / All) ThugMasTeR: 2 hacking noobs
(36:51 / All) ThugMasTeR: pink and oj
(37:06 / All) TrueEvil: projection
(37:08 / All) ThugMasTeR: prolly the same asshole
(37:12 / All) NBA-IS-RIGGED: its us yes
(37:13 / All) TrueEvil: everyone knows thughacker is a mher
(37:15 / All) NBA-IS-RIGGED: we own u regularly
(37:22 / All) ThugMasTeR: look kid
(37:29 / All) ThugMasTeR: u have 2 accts goin gat once
(37:35 / All) ThugMasTeR: and u pretend its 2 people
(37:37 / All) NBA-IS-RIGGED: we know, ur a shining knight who never does wrong
(37:41 / All) TrueEvil: yes supreme apm
(37:43 / All) ThugMasTeR: ur a pathetic cunt
(37:54 / All) ThugMasTeR: talk about no life
(37:58 / All) NBA-IS-RIGGED: out
(37:59 / All) ThugMasTeR: muahhahahahahahah\]
(38:00 / All) NBA-IS-RIGGED: plz
(38:01 / All) NBA-IS-RIGGED: out
(38:03 / All) ThugMasTeR: bwhahahahahahahahhahahahah
(38:06 / All) ThugMasTeR: sad nerd
(38:11 / All) ThugMasTeR: bwhahahahahhahahahahahha
(39:00 / All) TrueEvil: thugmaster was mad as heck
(40:02 / All) Happynoob: GG
(40:11 / All) NBA-IS-RIGGED: red 9-2
(41:01 / All) TrueEvil: he says he's gonna trace my IP lol
(41:20 / All) NBA-IS-RIGGED: who lose
(41:39 / All) TrueEvil: red 9-2?
(41:40 / All) TrueEvil: red
(42:08 / All) TrueEvil: red lose